 Dungeon Crawl Stone Soup version 0.28-a0-828-g0121872642 (webtiles) character file.

Game seed: 272272040314451576

50 ytrimaz the Shield-Bearer (level 4, 0/35 HPs)
             Began as a Formicid Fighter on Nov 10, 2021.
             Slain by Natasha (5 damage)
             ... on level 1 of the Dungeon.
             The game lasted 00:01:29 (985 turns).

ytrimaz the Shield-Bearer (Formicid Fighter)         Turns: 985, Time: 00:01:30

Health: 0/35       AC:  7    Str: 21    XL:     4   Next: 4%
Magic:  4/4        EV: 10    Int:  8    God:
Gold:   19         SH:  4    Dex: 10    Spells: 3/3 levels left

rFire   . . .      SeeInvis +   a - +0 war axe
rCold   . . .      Faith    .   c - +0 buckler
rNeg    . . .      Spirit   .   b - +0 scale mail
rPois   .          Reflect  .   (helmet unavailable)
rElec   .          Harm     .   (no cloak)
rCorr   .          Rampage  .   (no gloves)
Will    .....                   (no boots)
Stlth   ..........              (no amulet)
HPRegen 0.11/turn               (no ring)
MPRegen 0.09/turn               (no ring)

@: no status effects
A: permanent stasis, dig shafts and tunnels, antennae 3, four strong arms
a: Dig, Shaft Self


You were on level 1 of the Dungeon.
You visited 1 branch of the dungeon, and saw 2 of its levels.

You collected 19 gold pieces.

Inventory:

Hand Weapons
 a - a +0 war axe (weapon)
Armour
 b - a +0 scale mail (worn)
 c - a +0 buckler (worn)
Potions
 d - 2 potions of might
 e - 2 potions of curing {unknown}
 g - a potion of attraction {unknown}
 h - a potion of brilliance {unknown}


   Skills:
 + Level 3.5 Fighting
 * Level 2.9 Axes
 + Level 3.7 Armour
 * Level 0.9 Dodging
 + Level 3.9 Shields


You had 3 spell levels left.
You didn't know any spells.
Your spell library was empty.

Dungeon Overview and Level Annotations

Branches:
Dungeon (2/15)

Altars:

Shops:
D:1 =:

Annotations:
D:1 Natasha


Innate Abilities, Weirdness & Mutations

You cannot be hasted, slowed, berserked, paralysed or teleported.
You can dig through walls and to a lower floor.
You have a pair of large antennae on your head. (SInv)
Your four strong arms can wield two-handed weapons with a shield.


Message History

You kill the rat!
You slash the worm!
Natasha casts a spell.
The worm bites you.
Natasha stares at you and mumbles some strange words.
Your stasis prevents you from being slowed.
You see here a rat corpse.
Natasha mumbles some strange words.
The worm bites you.
There is a stone staircase leading up here.
Unknown command.
Unknown command.
Natasha stares at you and mumbles some strange words.
Your stasis prevents you from being slowed.
The worm closely misses you.
You slash the worm!
The worm is almost dead.
Natasha howls an incantation.
Natasha shimmers violently.
The worm bites you.
* * * LOW HITPOINT WARNING * * *
Unknown command.
The crimson imp hits you.
* * * LOW HITPOINT WARNING * * *
There is a stone staircase leading up here.
You block Natasha's attack. The worm completely misses you.
The crimson imp hits you but does no damage.
You climb upwards.
The crimson imp disappears in a puff of smoke!
The shadow imp disappears in a puff of smoke!
There is a stone staircase leading down here.
Unknown command.
You hit the worm.
The worm is almost dead.
You barely miss Natasha.
Natasha mumbles some strange words.
The worm bites you.
* * * LOW HITPOINT WARNING * * *
Natasha claws you.
You die...

# #.##.###'### #.......# ## #
#..........# #.......# #
######..........# #...†...# #
#...............# #.......# #
#.#####.........# #...†...# #
#.# #.........# #.......# #
#.# #.........##♣.......#
####.#####.......5.##........#
#...............@..#♣∩♣......#
#.########.....wh..##........#
#.# #.........##♣######## ..#
########### ###


You could see a worm, Natasha and a crimson imp (summoned).

Vanquished Creatures
  An adder (D:2)
  3 dart slugs (D:1)
  4 endoplasms (D:1)
  3 giant cockroaches (D:1)
  A goblin (D:1)
  4 hobgoblins
  3 kobolds (D:1)
  A quokka (D:1)
  5 ball pythons (D:1)
  4 bats (D:1)
  3 rats
32 creatures vanquished.

Notes
Turn   | Place    | Note
-------+----------+-------------------------------------------
     0 | D:1      | ytrimaz the Formicid Fighter began the quest for the Orb.
     0 | D:1      | Reached XP level 1. HP: 18/18 MP: 1/1
   112 | D:1      | Reached XP level 2. HP: 17/24 MP: 2/2
   256 | D:1      | Found Zirhiz's Jewellery Boutique.
   337 | D:1      | Reached XP level 3. HP: 29/29 MP: 3/3
   507 | D:1      | Found Bitorui's Book Emporium.
   975 | D:2      | Reached XP level 4. HP: 17/35 MP: 4/4
   975 | D:2      | Noticed Natasha
   985 | D:1      | Slain by Natasha

Illustrated notes

Levels and vault maps discovered:
D:1:      nicolae_arrival_memento_mori, layout_basic, serial_shops,
          nicolae_shop_trees, shop
D:2:      layout_basic, hellmonk_ecumenical_altar_crossroads, basic_altar,
          serial_shops, nicolae_square_shop, minmay_hexomino_p4, uniq_robin,
          uniq_natasha

Action                   |  1- 3 |  4- 6 || total
-------------------------+-------+-------++-------
Melee: War axe           |    76 |     4 ||    80
 Abil: Dig               |     1 |       ||     1
  Use: Scroll            |     2 |       ||     2
Armor: Scale mail        |    40 |     1 ||    41
Dodge: Dodged            |    60 |     3 ||    63
Block: Buckler           |    24 |     1 ||    25

Table legend: (Time is in decaauts)
 A = Elapsed time spent in this place.
 B = Non-inter-level travel time spent in this place.
 C = Inter-level travel time spent in this place.
 D = Time resting spent in this place.
 E = Time spent auto-exploring this place.
 F = Levels seen in this place.
 G = Mean time per level.
                   A        B        C        D        E       F      G
               +--------+--------+--------+--------+--------+-----+--------+
         Total |   1016 |    983 |     33 |      0 |    742 |   2 |  508.0 |
       Dungeon |   1016 |    983 |     33 |      0 |    742 |   2 |  508.0 |
               +--------+--------+--------+--------+--------+-----+--------+

Top non-repeatable levels by time:
     D:1: 996 daAuts
     D:2: 20 daAuts
